 Dungeon Crawl Stone Soup version 0.22-a0-392-g5dc3fd9 (webtiles) character file.

628292 4thArraOfDagon the Cloud Mage (level 27, -22/204 HPs)
             Began as a Tengu Abyssal Knight on Apr 29, 2018.
             Was a High Priest of Lugonu.
             Annihilated by a golden dragon (45 damage)
             ... on level 2 of the Realm of Zot on May 1, 2018.
             The game lasted 04:33:14 (44002 turns).

4thArraOfDagon the Cloud Mage (TeAK)               Turns: 44002, Time: 04:33:15

Health: -22/204    AC: 31    Str: 13    XL:     27
Magic:  33/50      EV: 25    Int: 24    God:    Lugonu [*****.]
Gold:   3727       SH:  0    Dex: 15    Spells: 9/52 levels left

rFire    + . .     SeeInvis .   E - +9 triple sword (elec)
rCold    + . .     Gourm    .   (shield currently unavailable)
rNeg     + . .     Faith    .   (armour currently unavailable)
rPois    ∞         Spirit   .   P - +1 hat {MR+}
rElec    +         Reflect  .   t - +2 cloak
rCorr    .         Harm     .   (gloves currently unavailable)
MR       +++..                  (boots unavailable)
Stlth    +++.......             H - amulet of magic regeneration
HPRegen  0.44/turn              y - ring of Shadows {Umbra +Inv Stlth+}
MPRegen  0.57/turn              p - ring of Doemes {rF+ rC+ MP+9 Slay+5}

@: statue-form, flying quickly and evasively, wreathed by umbra, very slow
A: beak, horns 1, talons 3, deformed body, subdued magic 1, able to fly 2
}: 4/15 runes: barnacled, silver, abyssal, gossamer
a: Stop Flying, End Transformation, Depart the Abyss, Bend Space, Banish,
Corrupt, Enter the Abyss, Renounce Religion, Evoke Invisibility


You were on level 2 of the Realm of Zot.
You worshipped Lugonu.
Lugonu was extremely pleased with you.
You were very hungry.
You were a stone statue.
You visited 9 branches of the dungeon, and saw 46 of its levels.
You visited the Abyss 9 times.
You visited 1 bazaar.

You collected 8701 gold pieces.
You spent 4974 gold pieces at shops.

Inventory:

Hand Weapons
 E - a +9 triple sword of electrocution (weapon)
Missiles
 a - 10 throwing nets (quivered)
Armour
 l - the +0 robe of Nemelex Xobeh's Regard (melded) {rN+ Int+4 Dex+4}
   (You found it on level 4 of the Vaults)

   It affects your intelligence (+4).
   It affects your dexterity (+4).
   It protects you from negative energy.
 t - a +2 cloak (worn)
 K - the +0 pair of gloves of the Insatiable Lovers (melded) {rC+ MR++ MP+9 Str-2}
   (You bought it in a shop on level 1 of the Orcish Mines)

   It affects your strength (-2).
   It protects you from cold.
   It affects your resistance to hostile enchantments.
   It affects your magic capacity (+9).
 P - a +1 hat of magic resistance (worn)
Magical Staves
 L - an uncursed staff of air
 Y - an uncursed staff of power {!a}
Jewellery
 n - an uncursed ring of positive energy
 p - the ring of Doemes (right hand) {rF+ rC+ MP+9 Slay+5}
   (You found it on level 4 of the Lair of Beasts)

   [ring of slaying]

   It affects your accuracy and damage with ranged weapons and melee attacks
   (+5).
   It protects you from fire.
   It protects you from cold.
   It affects your magic capacity (+9).
 x - an uncursed ring of resist corrosion
 y - the ring of Shadows (left hand) {Umbra +Inv Stlth+}
   (You took it off a frost giant on level 5 of the Vaults)

   [ring of stealth]

   It lets you turn invisible.
   It makes you more stealthy.
 H - an amulet of magic regeneration (around neck)
Wands
 G - a wand of iceblast (22)
 O - a wand of scattershot (3)
 S - a wand of acid (33)
 Z - a wand of digging (24)
Scrolls
 e - 10 scrolls of amnesia
 j - 17 scrolls of remove curse
 m - 9 scrolls of enchant armour
 q - 5 scrolls of immolation
 r - 9 scrolls of vulnerability
 u - a scroll of summoning
 v - 11 scrolls of identify
 z - 4 scrolls of blinking
 A - 2 scrolls of holy word
 B - 18 scrolls of teleportation
 C - 3 scrolls of magic mapping
 D - 7 scrolls of enchant weapon
 Q - 3 scrolls of fear
 X - 6 scrolls of fog
Potions
 d - 3 potions of might
 f - 7 potions of agility
 h - 4 potions of magic
 k - a potion of berserk rage
 w - 2 potions of resistance
 F - 8 potions of brilliance
 I - 3 potions of haste
 J - 6 potions of ambrosia
 N - 2 potions of heal wounds
 R - 4 potions of invisibility
 T - a potion of cancellation
 V - 4 potions of mutation
 W - 11 potions of curing
Miscellaneous
 b - a lightning rod (4/4)
 g - a box of beasts
 o - a lamp of fire
 s - 4 phantom mirrors
 U - a sack of spiders
Comestibles
 c - 79 rations


   Skills:
 - Level 12.2 Fighting
 - Level 24.0 Long Blades
 - Level 7.3 Armour
 - Level 12.6 Dodging
 - Level 13.0 Spellcasting
 - Level 5.0 Charms
 - Level 5.0 Necromancy
 - Level 10.3 Transmutations
 * Level 6.0 Fire Magic
 - Level 26.0 Air Magic
 - Level 11.0 Earth Magic
 - Level 18.8 Invocations


You had 9 spell levels left.
You knew the following spells:

 Your Spells              Type           Power        Failure   Level  Hunger
a - Apportation           Tloc           ##....       2%          1    None
c - Regeneration          Chrm/Necr      ####......   1%          3    None
e - Statue Form           Tmut/Erth      ######...    6%          6    #####..
f - Shatter               Erth           ######....   100%        9    #######
g - Tornado               Air            #######...   7%          9    #######
h - Sublimation of Blood  Necr           ####......   1%          2    None
i - Lee's Rapid Deconstr  Erth           ######....   1%          5    ###....
j - Ignition              Fire           ####......   100%        8    #######


Dungeon Overview and Level Annotations

Branches:
Dungeon (15/15)            Temple (0/1) D:6            Lair (6/6) D:11
 Shoals (4/4) Lair:3       Spider (4/4) Lair:4        Slime (0/5) Lair:6
    Orc (2/2) D:12            Elf (3/3) Orc:2        Vaults (5/5) D:14
 Depths (5/5) D:15            Zot (2/5) Depths:5
  Crypt: Vaults:2-3

Altars:
Dithmenos
Fedhas
Hepliaklqana
Kikubaaqudgha
Nemelex Xobeh
Qazlal
Ru
Sif Muna
Trog
Vehumet
Xom
Yredelemnul
Zin
The Shining One
Lugonu

Shops:
D:4 (   D:5 }   D:7 }   D:8 [   D:11 :!   Orc:1 (}[[   Orc:2 :[(*   Elf:1 (%??%
Elf:2 :   Vaults:1 *   Vaults:2 ?   Vaults:4 *   Vaults:5 *   Depths:1 }}=

Portals:
Hell: Depths:1 Depths:2 Depths:4 Depths:5
Abyss: Depths:1 Depths:2 Depths:3 Depths:4
Pandemonium: Depths:3 Depths:4
Ziggurat: Depths:3

Annotations:
D:12 corrupted
Shoals:4 corrupted
Orc:1 corrupted
Orc:2 corrupted
Depths:3 corrupted
Depths:4 corrupted
Zot:2 corrupted


Innate Abilities, Weirdness & Mutations

You have a beak for a mouth.
You have claws for feet.
You can fly continuously.
You have a pair of small horns on your head.
((You are partially covered in molten scales. (AC +2)))
Armour fits poorly on your strangely shaped body.
Your spells are a little easier to cast, but a little less powerful.


Message History

You feel you are being watched by something.
You feel your power leaking away. Something hits you but does no damage.
Something misses you.
Something stings you but does no damage.
The golden dragon bites you!!
* * * LOW HITPOINT WARNING * * *
The golden dragon claws you but does no damage.
The golden dragon completely misses you.
Unknown command.
Okay, then.
Magic courses through your body. The golden dragon bites you!!
* * * LOW HITPOINT WARNING * * *
The golden dragon claws you but does no damage.
The golden dragon tramples you.
* * * LOW HITPOINT WARNING * * *
You hold your ground!
Something hits you.
* * * LOW HITPOINT WARNING * * *
Something hits you but does no damage. Something closely misses you.
The golden dragon bites you!!!
You die...

#**###.#3.W†.D...##,**
..##X..##†#.DZ....#,,****
.....(...§.#Xy.#..#**,,,*
.....X....z#X..#..# *,,,*
....#....#XDG4[...# *,,,**
..##.y#e#...#..#D.# ****,**
......s.#...#..#††# **,*
.....y.#.......#.D# *,*
.....3).#.##...#8.#** *,*
##.........#...#....# *,*
##.....#..#,..#..#.# *,*
#..>..#..#,..#..#.#****,*
**#.....####,,,####,.,,,,,*
,*##....# **,,,** *,..,,,,*
,,*#....# *,,,,,* *,,..,,,*
,,,#....# *,,>,,* *,,,***,*
*,,.#...* *,,,,,* ***** *,*


You could see 2 golden dragons.

Vanquished Creatures
  2 ancient liches
  Mara (Depths:4)
  Bai Suzhen (Shoals:3)
  Margery (Depths:2)
  Frederick (Depths:4)
  Xtahua (Vaults:5)
  3 caustic shrikes
  4 golden dragons
  A profane servitor (Abyss:1)
  Jory (Vaults:3)
  9 liches
  3 bone dragons (Abyss:1)
  Jorgrun (Depths:3)
  9 tentacled monstrosities
  Rupert (D:15)
  5 quicksilver dragons
  A deep elf master archer (Elf:3)
  Asterion (Vaults:3)
  6 titans
  3 deep elf blademasters
  3 death cobs
  Frances (Elf:1)
  5 tentacled starspawn
  Polyphemus (Shoals:4)
  5 sphinxes
  An ancient champion (Depths:5)
  4 shadow dragons
  Roxanne (Spider:1)
  6 storm dragons
  2 draconian monks (Zot:1)
  4 tengu reavers
  Donald (Shoals:2)
  3 iron dragons (Vaults:5)
  4 ghost moths
  2 draconian knights
  11 fire giants
  6 frost giants
  A frost giant (shapeshifter) (Vaults:4)
  A draconian scorcher (Depths:5)
  12 deep elf sorcerers
  12 vault wardens
  A draconian shifter (Zot:1)
  An angel (Abyss:1)
  7 emperor scorpions
  8 deep elf elementalists
  5 war gargoyles
  15 ironheart preservers
  2 draconian annihilators
  2 spriggan defenders (Depths:5)
  An ophan (Abyss:1)
  An entropy weaver (shapeshifter) (Vaults:4)
  8 very ugly things
  5 green draconians
  A vampire knight (Depths:2)
  8 entropy weavers
  26 stone giants
  8 deep elf demonologists
  16 deep elf annihilators
  12 starcursed masses (Abyss:1)
  2 purple draconians
  4 black draconians (Zot:1)
  2 spark wasps
  A dire elephant (Lair:5)
  6 white draconians
  A yellow draconian (Zot:1)
  4 red draconians (Zot:1)
  13 merfolk impalers
  11 ettins
  7 merfolk javelineers
  11 deep elf death magi
  6 fire dragons
  13 great orbs of eyes
  A fire dragon (shapeshifter) (Vaults:5)
  5 ogre magi
  Fannar (D:11)
  13 deep elf high priests
  29 yaktaur captains
  8 ice dragons
  38 vault guards
  A rakshasa (Depths:4)
  Erolcha (D:11)
  A hydra (D:11)
  2 spriggan air magi
  5 centaur warriors
  2 alligator snapping turtles
  5 satyrs
  5 merfolk avatars
  25 dancing weapons
  15 two-headed ogres
  A death knight (D:15)
  Erica (D:8)
  3 catoblepae
  A queen ant (Spider:4)
  9 deep troll shamans
  7 death yaks
  5 tengu warriors
  2 vampire magi
  A death yak (shapeshifter) (Vaults:4)
  8 death scarabs (Spider:4)
  2 orc high priests
  2 alligators
  13 deep troll earth magi
  2 thrashing horrors (Abyss:1)
  A hell hog (Abyss:1)
  A shock serpent (shapeshifter) (Depths:1)
  19 deep elf knights
  4 wretched stars
  5 iron trolls
  2 shadow wraiths (Vaults:4)
  A sixfirhy (Abyss:1)
  11 sea snakes
  A storm dragon skeleton (Vaults:5)
  6 skeletal warriors
  43 deep trolls
  5 glowing orange brains
  16 hell knights
  14 large abominations
  A spectral emperor scorpion (Spider:4)
  A swamp dragon (Spider:2)
  4 flayed ghosts
  13 deep elf archers
  A shadow demon (Abyss:1)
  A tengu zombie (Vaults:5)
  13 ironbrand convokers
  2 wizards
  2 phantasmal warriors (Vaults:4)
  A lindwurm (shapeshifter) (Vaults:5)
  12 orb spiders
  7 necromancers
  34 harpies
  3 spectral wolf spiders (Spider:4)
  15 orc knights
  A salamander (Depths:2)
  37 fauns
  27 ugly things
  7 manticores
  74 deep elf magi
  4 orc sorcerers
  15 cyclopes
  39 wolf spiders
  15 moths of wrath
  An apocalypse crab (Abyss:1)
  7 water nymphs
  13 elephants (Lair:5)
  3 black mambas
  Psyche (D:8)
  18 vault sentinels
  4 smoke demons
  12 merfolk sirens
  2 torpor snails
  An orange demon (Abyss:3)
  13 spiny frogs
  A komodo dragon (shapeshifter) (Depths:3)
  35 yaktaurs
  2 efreet (Abyss:1)
  8 komodo dragons
  8 spectral redbacks (Spider:4)
  12 demonic crawlers
  A redback zombie (Spider:4)
  A rime drake (Lair:5)
  A yaktaur (shapeshifter) (Elf:1)
  An ice devil (Abyss:1)
  A tormentor (Abyss:1)
  3 ancient zymes
  12 freezing wraiths
  5 tengu conjurers
  An entropy weaver simulacrum (Vaults:1)
  44 jumping spiders
  A queen bee (Abyss:3)
  11 meliai
  6 wind drakes
  A troll (shapeshifter) (Vaults:4)
  11 trolls
  20 hornets
  3 polar bears (Lair:6)
  A spectral tarantella (Spider:4)
  24 merfolk
  28 slime creatures
  3 spectral jumping spiders (Spider:4)
  5 raiju
  A dream sheep (Lair:6)
  A fire dragon zombie (Abyss:1)
  9 hippogriffs
  A snapping turtle (shapeshifter) (Vaults:1)
  A fire giant simulacrum (Vaults:5)
  A stone giant simulacrum (Vaults:5)
  2 meliai zombies
  7 blink frogs
  2 tarantella zombies (Spider:4)
  11 snapping turtles
  2 jumping spider zombies (Spider:4)
  4 wyverns
  15 spriggans
  6 ynoxinuls
  A shadow (D:12)
  12 water elementals
  106 redbacks
  45 tarantellas
  2 redbacks (shapeshifter)
  A tarantella (shapeshifter) (Abyss:3)
  3 wraiths
  Grum (D:8)
  A basilisk (Lair:2)
  68 yaks
  3 hungry ghosts
  6 vampire mosquitoes
  2 chaos spawn
  2 neqoxecs (Abyss:1)
  8 wargs
  An acid dragon (Vaults:1)
  14 small abominations
  A swamp worm (shapeshifter) (Depths:2)
  A soldier ant (shapeshifter) (Vaults:2)
  9 water moccasins
  18 soldier ants (Spider:4)
  Duvessa (D:4)
  2 floating eyes (Depths:5)
  7 porcupines
  Purgy (D:4)
  2 spectral hornets (Spider:4)
  2 ice beasts
  67 orc warriors
  A hornet zombie (Spider:4)
  3 necrophages
  29 ogres
  4 sky beasts
  A tengu (shapeshifter) (Vaults:3)
  A black bear (shapeshifter) (Vaults:2)
  3 black bears
  12 boggarts
  2 eyes of draining
  29 wolves
  23 centaurs
  17 crocodiles
  A snapping turtle skeleton (Abyss:1)
  4 big kobolds
  13 bullfrogs
  A water moccasin zombie (D:9)
  Dowan (D:4)
  5 scorpions
  11 killer bees
  23 wights
  3 electric eels
  4 howler monkeys
  11 crimson imps
  5 quasits
  A human simulacrum (Vaults:1)
  Crazy Yiuf (D:3)
  3 centaur zombies
  A bullfrog zombie (D:6)
  8 hounds
  7 jellies
  4 centaur skeletons
  4 human zombies (D:7)
  30 orc priests
  An iron imp (Abyss:2)
  35 orc wizards
  5 bullfrog skeletons
  An iguana (D:11)
  A human skeleton (D:7)
  Jessica (D:3)
  29 worker ants
  Natasha (twice) (D:3)
  A killer bee zombie (D:7)
  A hound skeleton (D:8)
  3 mummies (D:7)
  A howler monkey zombie (D:5)
  2 worker ant zombies
  6 gnolls
  6 adders
  4 shadow imps
  A white imp (Abyss:1)
  5 ufetubi (Abyss:1)
  An ooze (D:1)
  An adder zombie (D:8)
  4 worms
  2 dart slugs (D:2)
  9 leopard geckos
  140 orcs
  3 giant cockroaches
  5 goblins
  3 hobgoblins (D:3)
  14 jackals
  17 kobolds
  5 quokkas
  A ball python (D:5)
  6 bats
  4 frilled lizards
  A leopard gecko skeleton (D:2)
  An orc zombie (D:7)
  A quokka skeleton (D:7)
  7 rats
  3 plants
  3 starspawn tentacles
2398 creatures vanquished.

Vanquished Creatures (others)
  Mennas (Depths:3)
  Nikola (Shoals:2)
  A tentacled starspawn (Depths:4)
  Ilsuiw (Shoals:4)
  A frost giant (Depths:4)
  3 orc warlords
  A very ugly thing (Depths:4)
  2 merfolk javelineers (Shoals:4)
  A yaktaur captain (Vaults:2)
  An ogre mage (Depths:1)
  7 hydras
  The ghost of Dargar the Spear-Bearer, a journeyman DsFi (Lair:1)
  A rakshasa (Depths:4)
  2 merfolk aquamancers (Shoals:4)
  2 thrashing horrors (Depths:4)
  An orc high priest (Orc:2)
  A wretched star (Depths:4)
  A wolf spider zombie (D:11)
  A deep elf archer (Elf:3)
  4 orc knights (Orc:2)
  A lindwurm (shapeshifter) (D:14)
  6 orb spiders
  An oklob plant (Lair:6)
  An orc sorcerer (Orc:2)
  A moth of wrath (Zot:2)
  2 deep elf magi
  3 merfolk sirens (Shoals:4)
  A gargoyle (D:14)
  A freezing wraith (D:14)
  3 trolls
  A hornet (Spider:2)
  2 merfolk (Shoals:4)
  A fire giant simulacrum (Abyss:1)
  An air elemental (Elf:2)
  2 snapping turtles (Shoals:4)
  3 starcursed masses (Depths:4)
  A shadow (D:13)
  4 water elementals
  A redback (Spider:2)
  A large abomination (Depths:4)
  2 wargs
  An acid dragon (D:11)
  5 orc warriors (Orc:2)
  2 wolves (D:8)
  A boggart (Elf:1)
  A centaur (D:8)
  A spiny frog simulacrum (Abyss:1)
  2 orc priests
  A hound (D:4)
  An orc wizard (Orc:2)
  3 orcs
  A jackal (D:4)
  61 fungi
  A lurking horror (Depths:4)
  85 plants
  38 starspawn tentacles
277 creatures vanquished.

Grand Total: 2675 creatures vanquished

Notes
Turn   | Place    | Note
-------+----------+-------------------------------------------
     0 | Abyss:1  | 4thArraOfDagon the Tengu Abyssal Knight began the quest for the Orb.
     0 | Abyss:1  | Reached XP level 1. HP: 14/14 MP: 3/3
    44 | Abyss:1  | Noticed a fire bat
    51 | Abyss:1  | Noticed an iron imp
    57 | Abyss:1  | Noticed a tentacled starspawn
    61 | D:1      | Escaped the Abyss
   157 | D:1      | Reached XP level 2. HP: 13/19 MP: 4/4
   250 | D:2      | Reached * piety under Lugonu
   478 | D:2      | Reached XP level 3. HP: 7/23 MP: 5/5
   914 | D:2      | Found a shimmering altar of Xom.
  1051 | D:3      | Reached XP level 4. HP: 13/28 MP: 6/6
  1348 | D:3      | Noticed Natasha
  1351 | D:3      | Killed Natasha
  1351 | D:3      | Gained mutation: You can fly. [Tengu growth]
  1351 | D:3      | Reached XP level 5. HP: 32/32 MP: 7/7
  1388 | D:3      | Noticed Natasha
  1397 | D:3      | Killed Natasha
  1414 | D:3      | Reached ** piety under Lugonu
  1444 | D:3      | Found a stormy altar of Qazlal.
  1694 | D:3      | Found a runed door.
  1763 | D:3      | Noticed Jessica
  1765 | D:3      | Killed Jessica
  1796 | D:3      | Found a bloodstained altar of Trog.
  1871 | D:3      | Noticed Crazy Yiuf
  1873 | D:3      | Killed Crazy Yiuf
  1873 | D:3      | Reached XP level 6. HP: 38/38 MP: 8/8
  1939 | D:4      | Found Xiqeal's Antique Weapon Shop.
  2031 | D:4      | Noticed Purgy
  2035 | D:4      | Killed Purgy
  2139 | D:4      | Noticed a sky beast
  2145 | D:4      | Killed a sky beast
  2145 | D:4      | Reached skill level 5 in Long Blades
  2145 | D:4      | Reached XP level 7. HP: 25/43 MP: 10/10
  2184 | D:4      | Noticed Duvessa
  2184 | D:4      | Noticed Dowan
  2186 | D:4      | Killed Dowan
  2187 | D:4      | Killed Duvessa
  2465 | D:5      | Entered Level 5 of the Dungeon
  2533 | D:5      | Learned a level 1 spell: Apportation
  2540 | D:5      | Learned a level 1 spell: Animate Skeleton
  2607 | D:5      | Found a deep blue altar of Sif Muna.
  2607 | D:5      | Found a hazy altar of Hepliaklqana.
  2910 | D:4      | Bought a glowing dire flail for 133 gold pieces
  2986 | D:5      | Reached XP level 8. HP: 48/48 MP: 11/11
  2999 | D:5      | Found a basalt altar of Yredelemnul.
  2999 | D:5      | Found a radiant altar of Vehumet.
  3248 | D:5      | Found Linu Saq's Gadget Boutique.
  3403 | D:6      | Reached skill level 5 in Fighting
  3471 | D:5      | :O
  3638 | D:5      | Reached skill level 5 in Armour
  3718 | D:6      | Found a staircase to the Ecumenical Temple.
  3800 | D:6      | Reached *** piety under Lugonu
  3801 | D:6      | Reached XP level 9. HP: 54/54 MP: 13/13
  3953 | D:6      | Reached skill level 5 in Dodging
  4320 | D:7      | Found Uvvuz's Gadget Shoppe.
  4347 | D:7      | Bought a wand of paralysis (7) for 117 gold pieces
  4487 | D:7      | Found a sparkling altar of Nemelex Xobeh.
  4712 | D:7      | Reached **** piety under Lugonu
  4747 | D:7      | Reached skill level 5 in Invocations
  4754 | D:7      | Found an ancient bone altar of Kikubaaqudgha.
  5230 | D:8      | Reached XP level 10. HP: 49/60 MP: 14/14
  5516 | D:8      | Noticed Erica
  5796 | D:8      | Learned a level 3 spell: Regeneration
  5828 | D:8      | Found a blossoming altar of Fedhas.
  5829 | D:8      | Noticed Grum
  5855 | D:8      | Found a sacrificial altar of Ru.
  5904 | D:8      | Killed Grum
  5917 | D:8      | HP: 1/60 [wolf[Grum] (10)]
  6105 | D:8      | Found Cyip's Antique Armour Shoppe.
  6188 | D:8      | Noticed Psyche
  6192 | D:8      | Killed Psyche
  6192 | D:8      | Reached skill level 1 in Charms
  6192 | D:8      | Reached skill level 1 in Necromancy
  6194 | D:8      | Killed Erica
  6194 | D:8      | Reached skill level 10 in Long Blades
  6194 | D:8      | Reached skill level 1 in Spellcasting
  6749 | D:9      | Found a glowing silver altar of Zin.
  7413 | D:10     | Entered Level 10 of the Dungeon
  7414 | D:10     | Reached XP level 11. HP: 66/66 MP: 16/16
  7958 | D:11     | Noticed Erolcha
  7996 | D:11     | Noticed Fannar
  8146 | D:11     | Reached ***** piety under Lugonu
  8179 | D:11     | Noticed a five-headed hydra
  8191 | D:11     | Killed a five-headed hydra
  8253 | D:11     | Found a staircase to the Lair.
  8315 | D:11     | HP: 5/100 [Fannar/Ozocubu's Refrigeration (17)]
  8316 | D:11     | Killed Fannar
  8439 | D:11     | Reached skill level 5 in Necromancy
  8487 | D:11     | Noticed Urug
  8502 | D:11     | O
  8507 | D:11     | Noticed Urug
  8507 | D:11     | Urug changed into Urug the torpor snail
  8523 | D:11     | Killed Urug the torpor snail
  8566 | D:11     | Killed Erolcha
  8717 | D:11     | Found Emichub's Book Boutique.
  8738 | D:11     | Reached XP level 12. HP: 34/73 MP: 16/18
  8783 | D:11     | Found Koqogruh's Distillery.
  8998 | D:11     | Bought a potion of lignification for 45 gold pieces
  8998 | D:11     | Bought a potion of lignification for 45 gold pieces
  8998 | D:11     | Bought a potion of heal wounds for 75 gold pieces
  8998 | D:11     | Bought a potion of mutation for 120 gold pieces
  8998 | D:11     | Bought a potion of lignification for 45 gold pieces
  8998 | D:11     | Bought a potion of brilliance for 60 gold pieces
  9264 | D:12     | Reached skill level 5 in Charms
  9530 | D:12     | Found a staircase to the Orcish Mines.
  9782 | D:13     | Gained mutation: Your mind is acute. (Int +2) [potion of mutation]
  9782 | D:13     | Gained mutation: You are partially covered in molten scales. (AC +2) [potion of mutation]
  9782 | D:13     | Gained mutation: You are robust. (+10% HP) [potion of mutation]
  9782 | D:13     | Gained mutation: You passively map a small area around you. [potion of mutation]
  9818 | D:13     | incide: wow that was a spectacular mut bottle
 10569 | D:14     | Rhok: ??dire flail
 10571 | D:14     | beem: dire flail[1/1]: (maces & flails; -3 acc / 13 dam / 1.3 base delay / 0.6 min delay; two handed). A flail with long spikes and a heavier head.
 10575 | D:14     | Rhok: ??great mace
 10575 | D:14     | beem: great mace[1/1]: (maces & flails; -4 acc / 17 dam / 1.7 base delay / 0.7 min delay; two handed). An enormous metal war club, of great cumbrousness. The largest mace most playable races can wield. Ogres and Trolls can wield giant (spiked) clubs too.
 10606 | D:14     | Found a gate to the Vaults.
 10606 | D:14     | Noticed a vault guard
 10629 | D:14     | Killed a vault guard
 10629 | D:14     | Reached XP level 13. HP: 75/88 MP: 16/21
 10664 | D:14     | NormalPerson7: oh yes that glorious -1 invo apt
 10806 | D:14     | Reached ****** piety under Lugonu
 10874 | D:14     | incide: is this a branchless run
 10922 | D:14     | Reached skill level 5 in Spellcasting
 10949 | D:14     | NormalPerson7: he's probably just doing late dungeon before lair cos it's faster turncount-wise
 11298 | D:14     | incide: gotta get that score
 11336 | D:15     | Entered Level 15 of the Dungeon
 11432 | D:14     | NormalPerson7: !hs * teak
 11434 | D:15     | beem: 3835. DrKe the Intangible (L27 TeAK of Zin), escaped with the Orb and 15 runes on 2015-03-21 15:47:18, with 14101178 points after 112224 turns and 5:55:27.
 11435 | D:15     | :O
 11451 | D:14     | NormalPerson7: 112k that's not even a turncount run lol
 11478 | D:13     | incide: teak
 11481 | D:13     | incide: more like
 11484 | D:13     | incide: BEAK
 11557 | Orc:1    | Entered Level 1 of the Orcish Mines
 11557 | Orc:1    | Found Ogotuowo's Antique Armour Emporium.
 11557 | Orc:1    | Found Mytsea's Gadget Shoppe.
 11557 | Orc:1    | incide: ahahaha
 11558 | Orc:1    | incide: haha
 11558 | Orc:1    | incide: ha
 11558 | Orc:1    | :O
 11570 | D:12     | HP: 4/88 [orc priest/divine providence[an orc knight] (10)]
 11574 | D:12     | NormalPerson7: oh yes death by nothing
 11574 | D:12     | NormalPerson7: loving it
 11574 | D:12     | NormalPerson7: tengu life
 11656 | D:12     | incide: are multizaps still a thing?
 11730 | D:12     | incide: i remember getting my tengu one-shot by a storm dragon in a single turn
 11760 | D:12     | Sergey: !watch
 11760 | D:12     | incide: ragequit the game for weeks
 11769 | D:12     | beem: http://crawl.xtahua.com:8080/#watch-Sergey
 11805 | D:12     | Sergey: need some help
 12024 | Orc:1    | Found Zaxos's Antique Armour Boutique.
 12044 | Orc:1    | Bought a pair of crude gloves for 275 gold pieces
 12054 | Orc:1    | Identified the +0 pair of gloves of Beogh's Approval {rC+ rCorr} (You bought it in a shop on level 1 of the Orcish Mines)
 12074 | Orc:1    | 4thArraOfDagon: ok, lets see
 12075 | Orc:1    | 4thArraOfDagon: puzzle solved ;)
 12087 | Orc:2    | Entered Level 2 of the Orcish Mines
 12227 | Orc:1    | Bought a pair of slimy gloves for 275 gold pieces
 12237 | Orc:1    | Identified the cursed +0 pair of gloves of the Insatiable Lovers {rC+ MR++ MP+9 Str-2} (You bought it in a shop on level 1 of the Orcish Mines)
 12237 | Orc:1    | ok...
 12271 | Orc:2    | Found Zusiteu's Book Boutique.
 12533 | Orc:2    | Learned a level 4 spell: Petrify
 12723 | Orc:2    | Corrupted Orc:2
 12723 | Orc:2    | Noticed a tentacled starspawn
 12723 | Orc:2    | Noticed a green draconian
 12725 | Orc:2    | Found a staircase to the Elven Halls.
 12736 | Orc:2    | Found Nyrij's Antique Armour Shoppe.
 12751 | Orc:2    | Killed an orc warlord
 12776 | Orc:2    | Found Hymitwor's Antique Weapon Boutique.
 12852 | Orc:2    | Noticed a starcursed mass
 13113 | Orc:1    | Found Rearoud's Antique Weapon Shoppe.
 13130 | Orc:1    | Noticed an orc warlord
 13138 | Orc:1    | Corrupted Orc:1
 13138 | Orc:1    | Noticed a starcursed mass
 13138 | Orc:1    | Noticed a starcursed mass
 13140 | Orc:1    | Noticed a starcursed mass
 13144 | Orc:1    | Killed an orc warlord
 13154 | Orc:1    | Noticed a bone dragon
 13157 | Orc:1    | Noticed a tentacled starspawn
 13166 | Orc:1    | Noticed an eidolon
 13384 | Orc:2    | incide: oh boy triple sword
 13465 | Orc:2    | Reached skill level 1 in Earth Magic
 13502 | Orc:2    | Found Upnuynea's General Store.
 13597 | Orc:2    | Reached skill level 1 in Transmutations
 13600 | Orc:2    | Got a pitted dagger {flame}
 13601 | Orc:2    | Identified the +6 dagger of Bodily Harmony {flame, Stlth+} (You took it off an orc warrior on level 2 of the Orcish Mines)
 14079 | Orc:2    | Noticed an orc warlord
 14159 | D:12     | Corrupted D:12
 14159 | D:12     | Noticed a lich
 14159 | D:12     | Noticed a starcursed mass
 14160 | D:12     | Noticed a tentacled starspawn
 14164 | D:12     | Killed an orc warlord
 14231 | D:12     | Noticed a blizzard demon
 14553 | Orc:2    | Noticed an orc warlord
 14603 | Orc:2    | Banished an orc warlord
 14802 | Orc:2    | Got a fine robe
 14813 | Orc:2    | Identified the +3 robe "Doseocil" {rCorr Dex+2} (You found it on level 2 of the Orcish Mines)
 14959 | Orc:2    | Gained mutation: You can fly continuously. [Tengu growth]
 14959 | Orc:2    | Reached XP level 14. HP: 77/95 MP: 24/24
 15061 | Orc:2    | Thaneod: !stalk Thaneod -log
 15063 | Orc:2    | beem: Thaneod, XL11 DEWz, T:12951 (milestone) has no matching game
 15158 | Lair:1   | Entered Level 1 of the Lair of Beasts
 15180 | Lair:1   | Reached skill level 10 in Dodging
 15217 | Lair:1   | Thaneod: https://crawl.xtahua.com/crawl/morgue/Thaneod/Thaneod.txt
 15257 | Lair:1   | 4thArraOfDagon: ty
 15434 | Lair:1   | Noticed Dargar's ghost (journeyman DsFi)
 15435 | Lair:1   | Banished Dargar's ghost
 16037 | Orc:2    | Bought a book of the Earth for 975 gold pieces
 16044 | Orc:2    | Learned a level 6 spell: Statue Form
 16054 | Orc:2    | Learned a level 9 spell: Shatter
 16255 | Lair:3   | Found a staircase to the Shoals.
 16335 | Lair:3   | incide: shoals! nice
 16510 | Lair:3   | Reached skill level 10 in Fighting
 16990 | Lair:4   | Found a hole to the Spider Nest.
 17139 | Lair:4   | Got a crude bone ring
 17141 | Lair:4   | Identified the ring of Doemes {rF+ rC+ MP+9 Slay+5} (You found it on level 4 of the Lair of Beasts)
 17142 | Lair:4   | Sergey: wow
 17142 | Lair:4   | incide: whoa
 17142 | Lair:4   | incide: now that
 17142 | Lair:4   | incide: is a ring
 17142 | Lair:4   | Thaneod: ...
 17142 | Lair:4   | Sergey: inscribe =R
 17142 | Lair:4   | 4thArraOfDagon: w00t
 17464 | Lair:5   | Noticed a dire elephant
 17495 | Lair:5   | Killed a dire elephant
 17539 | Lair:5   | Reached skill level 5 in Transmutations
 17627 | Lair:5   | Reached skill level 5 in Earth Magic
 18139 | Lair:6   | Entered Level 6 of the Lair of Beasts
 18219 | Lair:6   | Reached XP level 15. HP: 101/101 MP: 27/27
 18257 | Lair:6   | Found a staircase to the Slime Pits.
 19560 | D:4      | Bought a runed triple sword for 247 gold pieces
 19829 | Elf:1    | Entered Level 1 of the Elven Halls
 20066 | Elf:1    | Found Qedoimm's Magic Scroll Emporium.
 20100 | Elf:1    | Found Votax's Food Emporium.
 20100 | Elf:1    | Found Meopuh's Food Shoppe.
 20105 | Elf:1    | Found Igayhud's Magic Scroll Shoppe.
 20113 | Elf:1    | Bought a scroll of blinking for 82 gold pieces
 20113 | Elf:1    | Bought a scroll of magic mapping for 38 gold pieces
 20119 | Elf:1    | Bought a scroll of enchant weapon for 90 gold pieces
 20151 | Elf:1    | Upgraded the game from 0.22-a0-388-g09e6169 to 0.22-a0-389-g8519d86
 20200 | Elf:2    | Found Ysats's Book Shoppe.
 20245 | Elf:3    | Entered Level 3 of the Elven Halls
 20327 | Elf:2    | Noticed a deep elf elementalist
 20339 | Elf:2    | Killed a deep elf elementalist
 20343 | Elf:2    | Noticed a balrug
 20379 | Elf:1    | Noticed Frances
 20392 | Elf:1    | Found Veckepi's Antique Weapon Shop.
 20571 | Elf:1    | Noticed a deep elf sorcerer
 20669 | Elf:1    | Thaneod: yo!
 20676 | Elf:1    | 4thArraOfDagon: ey
 20678 | Elf:1    | Thaneod: prawko jazdy sobie zrobię
 20687 | Elf:1    | Thaneod: ogarnę?
 20739 | Elf:1    | Thaneod: !lg Thaneod -log
 20739 | Elf:1    | beem: 1151. Thaneod, XL23 DEWz, T:61134: https://crawl.xtahua.com/crawl/morgue/Thaneod/morgue-Thaneod-20180429-202343.txt
 20739 | Elf:1    | 4thArraOfDagon: no ogarniesz jak ogarniesz :)
 20739 | Elf:1    | 4thArraOfDagon: o kurde ale dmg
 20944 | Elf:1    | Thaneod: z 50 dmg zadal za kazdym razem
 20947 | Elf:1    | Thaneod: and I had cblink
 20963 | Elf:1    | Killed a deep elf sorcerer
 21015 | Elf:1    | Killed Frances
 21015 | Elf:1    | Reached XP level 16. HP: 106/106 MP: 19/29
 21070 | Elf:1    | Thaneod: https://www.youtube.com/watch?v=hg14Ocs03xA
 21255 | Elf:2    | Noticed a Hell Sentinel
 21259 | Elf:2    | Noticed a deep elf blademaster
 21312 | Elf:2    | Cast into level 3 of the Abyss (a deep elf sorcerer)
 21350 | Abyss:4  | Noticed a tentacled starspawn
 21360 | Abyss:4  | Killed a tentacled starspawn
 21375 | Elf:2    | Escaped the Abyss
 21512 | Elf:2    | Reached skill level 10 in Transmutations
 21547 | Elf:2    | Found a runed gate.
 21547 | Elf:2    | Found a runed gate.
 21547 | Elf:2    | Found a runed gate.
 22091 | Elf:3    | Reached skill level 10 in Earth Magic
 22442 | Elf:3    | Reached XP level 17. HP: 112/112 MP: 30/30
 22447 | Elf:3    | Noticed a deep elf blademaster
 22458 | Elf:2    | Killed a deep elf blademaster
 22474 | Elf:3    | Cast into level 3 of the Abyss (a deep elf sorcerer)
 22512 | Elf:3    | Escaped the Abyss
 22601 | Elf:3    | Reached skill level 15 in Long Blades
 22707 | Elf:3    | Noticed a Tzitzimitl
 22708 | Elf:3    | Noticed a Hell Sentinel
 22851 | Elf:3    | Got a twitching steel amulet
 22870 | Elf:3    | Identified the amulet "Nucru" {Spirit Stlth+} (You took it off a deep elf annihilator on level 3 of the Elven Halls)
 22978 | Elf:3    | Got a shimmering copper ring
 22980 | Elf:3    | Identified the ring "Ruttaph" {MR+ Stlth-} (You took it off a deep elf high priest on level 3 of the Elven Halls)
 22997 | Elf:3    | Noticed a deep elf master archer
 23017 | Elf:3    | Killed a deep elf master archer
 23375 | Elf:3    | Got a coiled marble ring
 23439 | Elf:3    | Identified the ring "Fadoptas" {+Fly Str+5 Dex-2 Slay+2} (You took it off a deep elf death mage on level 3 of the Elven Halls)
 23494 | Elf:3    | Noticed a deep elf blademaster
 23509 | Elf:3    | Killed a deep elf blademaster
 23659 | Elf:3    | Got a dazzling morningstar {crush}
 23660 | Elf:3    | Identified the +4 morningstar of Anger {crush, +Blink rElec} (You took it off a deep elf death mage on level 3 of the Elven Halls)
 23669 | Elf:3    | Got a warped great mace {crush}
 23670 | Elf:3    | Identified the +7 great mace of Butchery {crush, rElec rF+ Int-2} (You took it off a deep elf high priest on level 3 of the Elven Halls)
 23766 | Elf:2    | Killed a deep elf blademaster
 23798 | Elf:2    | Reached XP level 18. HP: 117/117 MP: 31/31
 24039 | Elf:2    | 4thArraOfDagon: brb
 24188 | Elf:2    | Bought a book of the Sky for 1170 gold pieces
 24198 | Elf:2    | Learned a level 9 spell: Tornado
 24277 | Elf:1    | Reached skill level 1 in Air Magic
 24459 | Shoals:1 | Entered Level 1 of the Shoals
 24459 | Shoals:1 | 4thArraOfDagon: :/
 24463 | Shoals:1 | Thaneod: dobra
 24480 | Shoals:1 | Reached skill level 2 in Air Magic
 24482 | Shoals:1 | Thaneod: jak skonczysz shoals daj znac
 24491 | Shoals:1 | Thaneod: muli przegladarke
 24491 | Shoals:1 | 4thArraOfDagon: mi tez
 24491 | Shoals:1 | 4thArraOfDagon: muli
 24602 | Shoals:1 | Found a flickering gateway to a bazaar.
 24678 | Shoals:1 | Reached skill level 3 in Air Magic
 24766 | Shoals:1 | Reached skill level 4 in Air Magic
 24850 | Shoals:1 | Identified a scroll of acquirement
 24853 | Shoals:1 | wtf
 24927 | Bazaar   | Entered a bazaar
 24935 | Bazaar   | Found Ranuumapa's Antique Weapon Shoppe.
 24946 | Bazaar   | Found Myggail's Antique Weapon Emporium.
 24961 | Bazaar   | Found Waif's Antique Armour Shoppe.
 24972 | Bazaar   | Found Oniqonn's Antique Armour Emporium.
 24987 | Bazaar   | Thaneod: gloves?
 24987 | Bazaar   | Thaneod: ah
 24987 | Bazaar   | 4thArraOfDagon: patrz ile golda dostalem z acq
 24987 | Bazaar   | Thaneod: 300
 24987 | Bazaar   | 4thArraOfDagon: i co? oczywiscie demon blade za 800
 24987 | Bazaar   | Thaneod: SpartA!
 25012 | Shoals:1 | Thaneod: pewnie vamp +14
 25038 | Shoals:1 | Reached skill level 5 in Air Magic
 25210 | Shoals:1 | Reached skill level 6 in Air Magic
 25457 | Shoals:2 | Reached skill level 7 in Air Magic
 25508 | Shoals:2 | Gained mutation: Your body sometimes deteriorates upon taking damage. [mutagenic glow]
 25528 | Shoals:2 | Gained mutation: Scrolls take you a little longer to read. [mutagenic glow]
 25730 | Shoals:2 | Reached skill level 8 in Air Magic
 25959 | Shoals:2 | Reached skill level 9 in Air Magic
 26044 | Shoals:2 | Noticed Donald
 26062 | Shoals:2 | Killed Donald
 26078 | Shoals:2 | Noticed Nikola
 26090 | Shoals:2 | Killed Nikola
 26090 | Shoals:2 | Reached XP level 19. HP: 119/123 MP: 32/32
 26192 | Shoals:3 | Noticed Bai Suzhen
 26222 | Shoals:3 | Killed Bai Suzhen
 26222 | Shoals:3 | Reached skill level 10 in Air Magic
 26553 | Shoals:3 | Reached skill level 11 in Air Magic
 26666 | Shoals:4 | Entered Level 4 of the Shoals
 27041 | Shoals:3 | Reached skill level 12 in Air Magic
 27244 | Shoals:4 | Got an ichor-stained scale mail
 27268 | Shoals:3 | Identified the +3 scale mail of the Barnacle {MR+} (You found it on level 4 of the Shoals)
 27318 | Shoals:4 | Got a barnacled rune of Zot
 27333 | Shoals:4 | Noticed Polyphemus
 27345 | Shoals:4 | Killed Polyphemus
 27427 | Shoals:4 | HP: 1/159 [merfolk/trident (9)]
 27486 | Shoals:4 | Reached skill level 13 in Air Magic
 27796 | Shoals:4 | Noticed Ilsuiw
 27797 | Shoals:4 | Corrupted Shoals:4
 27807 | Shoals:4 | Killed Ilsuiw
 28075 | Spider:1 | Entered Level 1 of the Spider Nest
 28202 | Spider:1 | Reached XP level 20. HP: 128/128 MP: 33/33
 28267 | Spider:1 | Reached skill level 14 in Air Magic
 28474 | Spider:1 | Noticed Roxanne
 28494 | Spider:1 | Killed Roxanne
 29159 | Spider:2 | Reached skill level 15 in Air Magic
 29987 | Spider:3 | Got a transparent granite ring
 29989 | Spider:3 | Identified the ring of Bafroxik {*Tele *Contam +Fly rF++} (You found it on level 3 of the Spider Nest)
 29990 | Spider:3 | uhh
 30041 | Spider:3 | Lost mutation: You are robust. (+10% HP) [mutagenic glow]
 30064 | Spider:3 | Lost mutation: Your mind is acute. (Int +2) [potion of mutation]
 30064 | Spider:3 | Lost mutation: Scrolls take you a little longer to read. [potion of mutation]
 30064 | Spider:3 | Lost mutation: Your body sometimes deteriorates upon taking damage. [potion of mutation]
 30064 | Spider:3 | Lost mutation: You passively map a small area around you. [potion of mutation]
 30064 | Spider:3 | Gained mutation: You possess an exceptional clarity of mind. [potion of mutation]
 30064 | Spider:3 | Lost mutation: You possess an exceptional clarity of mind. [potion of mutation]
 30064 | Spider:3 | Gained mutation: Armour fits poorly on your strangely shaped body. [potion of mutation]
 30064 | Spider:3 | Gained mutation: You have a pair of small horns on your head. [potion of mutation]
 30078 | Spider:4 | Entered Level 4 of the Spider Nest
 30110 | Spider:3 | Reached skill level 16 in Air Magic
 30320 | Spider:4 | Reached XP level 21. HP: 122/122 MP: 34/34
 30323 | Spider:4 | Reached skill level 17 in Air Magic
 30484 | Spider:4 | Reached XP level 22. HP: 127/127 MP: 35/35
 30824 | Spider:4 | Reached skill level 18 in Air Magic
 31199 | Spider:4 | Escaped the Abyss
 31208 | Spider:4 | Got a gossamer rune of Zot
 31691 | D:15     | Noticed Rupert
 31700 | D:15     | Killed Rupert
 31782 | D:15     | Reached skill level 19 in Air Magic
 31991 | D:15     | Found a staircase to the Depths.
 32008 | Depths:1 | Entered Level 1 of the Depths
 32023 | Depths:1 | Found Cutaoruc's Gadget Boutique.
 32024 | Depths:1 | Found Rusyzu's Jewellery Shoppe.
 32025 | Depths:1 | Found Kaypneh's Gadget Boutique.
 32076 | Depths:2 | Noticed a caustic shrike
 32078 | Depths:2 | Noticed a caustic shrike
 32081 | Depths:1 | Killed a caustic shrike
 32264 | Abyss:1  | Upgraded the game from 0.22-a0-389-g8519d86 to 0.22-a0-392-g5dc3fd9
 32303 | Depths:1 | Escaped the Abyss
 32413 | Depths:1 | Reached skill level 20 in Air Magic
 32437 | Depths:1 | Reached XP level 23. HP: 84/132 MP: 32/36
 32609 | Depths:1 | Found a one-way gate to the infinite horrors of the Abyss.
 32741 | Depths:1 | Found a gateway to Hell.
 32786 | Depths:1 | Killed a caustic shrike
 32882 | Depths:2 | Identified the +6 lajatang of Hageic {protect, rElec rN+} (You found it on level 2 of the Depths)
 32899 | Depths:2 | Identified the +3 lajatang of Disembowelment {slice, *Corrode rF++ Str+3 Int+3} (You found it on level 2 of the Depths)
 33276 | Depths:2 | Reached skill level 21 in Air Magic
 33529 | Depths:2 | Noticed Margery
 33541 | Depths:2 | Killed Margery
 33683 | Depths:2 | Found a glowing golden altar of the Shining One.
 33937 | Depths:3 | Found a one-way gate leading to the halls of Pandemonium.
 34017 | Depths:3 | Noticed Jorgrun
 34023 | Depths:3 | Killed Jorgrun
 34026 | Depths:3 | Reached skill level 22 in Air Magic
 34147 | Depths:3 | Noticed an ancient lich
 34278 | Depths:3 | Killed an ancient lich
 34288 | Depths:3 | Found a gateway to a ziggurat.
 34316 | Depths:3 | Paralysed by a lich for 7 turns
 34437 | Depths:3 | Noticed Mennas
 34440 | Depths:3 | Corrupted Depths:3
 34458 | Depths:3 | Killed Mennas
 34697 | Depths:4 | Reached skill level 23 in Air Magic
 34966 | Depths:4 | Noticed Frederick
 34974 | Depths:4 | Killed Frederick
 34974 | Depths:4 | Reached XP level 24. HP: 126/137 MP: 36/36
 35139 | Depths:4 | Found a transporter.
 35143 | Depths:4 | Noticed Mara
 35197 | Depths:4 | Killed Mara
 35197 | Depths:4 | Reached skill level 24 in Air Magic
 35232 | Depths:4 | Gained mutation: Your spells are a little easier to cast, but a little less powerful. [mutagenic glow]
 35393 | Depths:5 | Entered Level 5 of the Depths
 35410 | Depths:5 | Paralysed by a floating eye for 3 turns
 35415 | Depths:5 | Paralysed by a floating eye for 2 turns
 35554 | Depths:5 | Learned a level 2 spell: Sublimation of Blood
 35560 | Depths:5 | Learned a level 5 spell: Lee's Rapid Deconstruction
 35583 | Depths:5 | Found a shimmering altar of Xom.
 36073 | Abyss:1  | Reached skill level 25 in Air Magic
 36117 | Depths:5 | Escaped the Abyss
 36355 | Depths:5 | Got a sparkling bronze ring
 36358 | Depths:5 | Identified the ring "Xobbuozi" {+Fly Str+3 Dex+5} (You found it on level 5 of the Depths)
 36378 | Depths:5 | Found a gate to the Realm of Zot.
 36468 | Depths:5 | Found a sacrificial altar of Ru.
 36499 | Depths:5 | Reached skill level 10 in Spellcasting
 36575 | Depths:5 | Got a coiled pewter ring
 36577 | Depths:5 | Identified the cursed ring "Vovuoc" {MR+ Str+4 Int-2 Dex+3 Slay-2} (You found it on level 5 of the Depths)
 36633 | Depths:5 | Noticed a caustic shrike
 36635 | Depths:5 | Killed a caustic shrike
 36635 | Depths:5 | Reached skill level 26 in Air Magic
 36687 | Depths:5 | Found a shadowy altar of Dithmenos.
 36733 | Depths:5 | Got an ancient jade ring
 36735 | Depths:5 | Identified the ring of Bytreg {rCorr *Drain rPois rC+ Dex+2} (You found it on level 5 of the Depths)
 36762 | Depths:5 | Reached XP level 25. HP: 117/141 MP: 39/39
 36912 | Depths:4 | Found a corrupted altar of Lugonu.
 36929 | Depths:4 | Corrupted Depths:4
 36984 | Depths:4 | Found a transporter.
 37004 | Depths:4 | Got a scorched scale mail
 37367 | Vaults:1 | Entered Level 1 of the Vaults
 38038 | Vaults:1 | Found Yris's Assorted Antiques.
 38046 | Vaults:1 | Bought a scintillating copper ring for 120 gold pieces
 38046 | Vaults:1 | Bought a scroll of identify for 48 gold pieces
 38046 | Vaults:1 | Identified the +5 scale mail "Otuptoo" {*Drain Str+9 Int-3 Dex+2} (You found it on level 4 of the Depths)
 38059 | Vaults:1 | Identified the ring of Pewy {+Fly Int+3} (You bought it in a shop on level 1 of the Vaults)
 38439 | Vaults:2 | Found Ahofevuwk's Magic Scroll Shoppe.
 38465 | Vaults:2 | Bought a scroll of teleportation for 48 gold pieces
 38465 | Vaults:2 | Bought a scroll of fog for 32 gold pieces
 38465 | Vaults:2 | Bought a scroll of identify for 32 gold pieces
 38465 | Vaults:2 | Bought a scroll of identify for 32 gold pieces
 38465 | Vaults:2 | Bought a scroll of identify for 32 gold pieces
 38465 | Vaults:2 | Bought a scroll of identify for 32 gold pieces
 38621 | Vaults:2 | Reached skill level 10 in Invocations
 39038 | Vaults:3 | Noticed Jory
 39038 | Vaults:3 | Noticed Asterion
 39065 | Vaults:3 | Killed Asterion
 39066 | Vaults:3 | Killed Jory
 39963 | Vaults:4 | Found Cuohepha's General Store.
 39966 | Vaults:4 | Bought a scroll of identify for 34 gold pieces
 39966 | Vaults:4 | Bought a potion of might for 68 gold pieces
 40009 | Vaults:4 | Identified the +0 robe of Nemelex Xobeh's Regard {rN+ Int+4 Dex+4} (You found it on level 4 of the Vaults)
 40444 | Vaults:4 | Reached XP level 26. HP: 151/151 MP: 40/40
 40559 | Vaults:4 | Identified the +2 spear of Pride {venom, *Rage rF- rN+ Str+9} (You took it off a green draconian on level 4 of the Vaults)
 41059 | Vaults:5 | Entered Level 5 of the Vaults
 41059 | Vaults:5 | Noticed an ancient lich
 41194 | Vaults:5 | Got a silver rune of Zot
 41200 | Vaults:5 | Identified Sif Muna's Reference Book on the Mountains
 41212 | Vaults:5 | Learned a level 8 spell: Ignition
 41245 | Vaults:5 | Reached skill level 1 in Fire Magic
 41339 | Vaults:5 | Killed an ancient lich
 41402 | Vaults:5 | Noticed Xtahua
 41407 | Vaults:5 | Killed Xtahua
 41749 | Abyss:3  | Found a corrupted altar of Lugonu.
 41791 | Abyss:3  | Got an abyssal rune of Zot
 41881 | Vaults:5 | Escaped the Abyss
 41921 | Vaults:5 | Reached XP level 27. HP: 157/157 MP: 41/41
 41963 | Vaults:5 | Reached skill level 15 in Invocations
 42313 | Vaults:5 | Escaped the Abyss
 42402 | Vaults:5 | Identified the Tome of the Curious Tables
 42550 | Vaults:5 | Identified the Incunabulum of Captivating Ice
 42620 | Vaults:5 | Found Vistraesu's Assorted Antiques.
 42629 | Vaults:5 | Bought a potion of curing for 132 gold pieces
 42629 | Vaults:5 | Bought a runed triple sword for 572 gold pieces
 42685 | Vaults:5 | p0werm0de: ha ha
 42688 | Vaults:5 | Identified Huomm's Foundations of Spellcasting
 42690 | Vaults:5 | 4thArraOfDagon: them bugs :)
 42700 | Vaults:5 | p0werm0de: ye
 43154 | Zot:1    | Entered Level 1 of the Realm of Zot
 43913 | Abyss:1  | Reached skill level 5 in Fire Magic
 43992 | Zot:2    | Escaped the Abyss
 43993 | Zot:2    | Corrupted Zot:2
 44002 | Zot:2    | Annihilated by a golden dragon

Vault maps used:
D:1:      dpeg_arrival_signposts, minivault_23
D:2:      xom_teletrap_fun
D:3:      bloody_trog, nicolae_qazlal_general_emergency, first_ration,
          minmay_fountain_box, uniq_jessica, uniq_crazy_yiuf_cottage,
          uniq_natasha
D:4:      serial_shops, shop_fountains, minmay_misc_feat_more_columns,
          item_on_display_a, uniq_purgy, uniq_duvessa
D:5:      gammafunk_temple_overflow_statue, gammafunk_temple_overflow_wave,
          serial_shops, shop, st_stairs_10
D:6:      minmay_temple_entry_statues_fountains, grunt_ministairs_11
D:7:      nemelex_xobeh_ov_fountains_minmay,
          lemuel_mausoleum_altar_kikubaaqudgha, serial_shops, shop,
          grunt_livestock, minivault_19
D:8:      fedhas_altar_1, marbit_many_paths, serial_shops, shop, uniq_grum,
          uniq_psyche, uniq_erica
D:9:      basic_altar, evilmike_butchery
D:10:     grunt_decor_mini_mirrors, serial_park_tiny_1
D:11:     erik_lair_island, serial_shops, shop, kennysheep_mini,
          nicolae_shop_crystal, uniq_erolcha, uniq_urug, uniq_fannar
D:12:     david_orc_2, corner_web_ring
D:14:     david_vaults_5, serial_co_window_serial, co_window_corner_a,
          co_window_corner_a, co_window_corner_a, co_window_of_opportunity_a,
          co_window_paths_b, co_window_corner_b, co_window_broadway_b,
          co_window_cross_2, co_window_cross_3, co_window_paths_e,
          glass_columns_a, glass_columns_a, glass_columns_a, glass_columns_a,
          glass_columns_b
D:15:     grunt_enter_depths_snipers, hangedman_decor_diamond_cutter,
          uniq_rupert
Lair:2:   grunt_megastairs_5, infiniplex_staircase_pool_2,
          minmay_lair_oklob_chamber
Lair:3:   elwin_shoals_entry_rooms, grunt_megastairs_2, lemuel_fruit_tree
Lair:4:   nicolae_spider_entry_non_spiders
Lair:5:   mu_elephants_graveyard, serial_bayou_shore_a
Lair:6:   minmay_lair_end_enchanted_forest, dpeg_slime_entry_corner,
          grunt_forest_small_clearings
Shoals:1: serial_shops, bzr_entry_customers, st_shoals_ruin
Shoals:2: nzn_motion_control, nicolae_shoals_hunting_party, uniq_donald,
          uniq_nikola
Shoals:3: uniq_bai_suzhen
Shoals:4: shoals_end_grunt_garden, shoals_ilsuiw_ice,
          nicolae_shoals_siren_and_animal_friends, uniq_polyphemus
Spider:1: uniq_roxanne
Spider:3: spider_trap
Spider:4: floodkiller_spider_rune_tomb, zaba_antful_of_joy
Orc:1:    serial_shops, nicolae_shop_crystal, shop,
          nicolae_shop_window_shopping, shop, minmay_orc_barracks
Orc:2:    grunt_orc_gardens, grunt_orc_garden, grunt_orc_garden,
          grunt_orc_garden, grunt_orc_garden, minmay_orc_treasury
Elf:1:    elf_arrival_002, serial_shops, shop, hangedman_elf_disciples,
          minmay_shoptagon, uniq_frances
Elf:2:    serial_shops, shop, lemuel_flamethrower_2
Elf:3:    nooodl_elf_gasket, grunt_ministairs_11, lemuel_flame_loot_1
Vaults:1: nicolae_vaults_halls_meeting, hangedman_vaults_stretched_pinwheel,
          nicolae_vaults_circle_grid_b, nicolae_vaults_specimen_jars, v_misc_5,
          dpeg_vaults_monster_row, v_misc_16, nicolae_vaults_angled_halls,
          hangedman_vaults_capsules, nicolae_vaults_network_periphery,
          grunt_vaults_twisty, v_misc_12, ontoclasm_vaults_twist,
          ontoclasm_vaults_pinch, serial_shops, nicolae_shop_overgrown_old_shop
Vaults:2: minmay_crypt_entry_skeletal_spiral, ontoclasm_vaults_hangar,
          nicolae_vaults_asterisk, grunt_vaults_hallway_long,
          vaults_room_hangedman_quadrants, hangedman_vaults_corner_blocks,
          nicolae_vaults_asterisk, nicolae_vaults_little_squares_4,
          serial_shops, nicolae_shop_waterfront
Vaults:3: ontoclasm_vaults_echo, v_misc_22, v_misc_11,
          nicolae_vaults_circle_grid_a, nicolae_vaults_little_squares_2,
          nicolae_vaults_big_angled_halls, uniq_jory, uniq_asterion
Vaults:4: v_misc_24, hangedman_vaults_corner_blocks, hangedman_vaults_slither,
          st_greater_box_5, v_misc_2, nicolae_vaults_border_crossing,
          ontoclasm_vaults_claustrophobia, v_misc_8, hangedman_vaults_snaps,
          nicolae_vaults_big_ls, vaults_room_fours, vaults_dpeg_ring,
          serial_shops, nicolae_shop_behind_doors
Vaults:5: uniq_xtahua
Depths:1: abyss_entry, pf_hell_entry_great_geh, abandoned_shop,
          minmay_misc_feat_tower, kb_rosetta, minmay_shop_grove
Depths:2: minmay_ambush_box, grunt_metal_band, lemuel_statue_altar,
          rand_demon_pan_entry_8, abyss_entry, eino_tiny_chamber,
          infiniplex_staircase_pillars_1
Depths:3: kennysheep_blocky_room, enter_ziggurat_c, grunt_hell_entry_dis_old,
          rand_demon_pan_entry_1, abyss_entry, uniq_mennas, uniq_jorgrun
Depths:4: gammafunk_corrupted_shrine, serial_sigils,
          serial_sigils_hangedman_writhe, serial_sigils_hangedman_scar,
          serial_sigils_hangedman_gnaw, serial_sigils_hangedman_shear,
          abyss_entry, grunt_pan_entry_zigzag, hell_entry,
          serial_bayou_crossing, minmay_staircase_windowed_small, uniq_mara,
          uniq_frederick
Depths:5: hangedman_spin_cycle, hell_entry
Zot:1:    st_stairs_10
Zot:2:    zot_minivault_8
Abyss:1:  grunt_abyss_exit_deep_breaths, evilmike_abyss_exit_17,
          evilmike_abyss_exit_11
Abyss:2:  evilmike_abyss_exit_15, evilmike_abyss_exit_17, due_exit_kobolds,
          serial_sigils_hangedman_quiver, minivault_4
Abyss:3:  evilmike_abyss_exit_3, due_evilmike_abyss_rune_seething_liches,
          hangedman_abyss_feature_spike, grunt_abyss_rune_wretched_hive,
          minivault_22, evilmike_abyss_exit_16, minivault_24
Abyss:4:  doesnt_abyss_rune_brain_food
Bazaar:   bazaar_minmay_armour_weapon

Skill      XL: |  1  2  3  4  5  6  7  8  9 10 11 12 13 14 15 16 17 18 19 20 21 22 23 24 25 26 27 |
---------------+----------------------------------------------------------------------------------+-----
Long Blades    | 3 4 5 6 7 9 10 11 12 13 14 17 19 21 22 23 24 | 24.0
Invocations    | 2 3 4 5 6 7 8 11 14 18 | 18.8
Dodging        | 2 3 4 5 6 7 8 9 10 11 12 | 12.6
Armour         | 3 4 5 6 7 |  7.3
Fighting       | 4 5 6 7 8 9 10 11 12 | 12.2
Charms         | 2 4 5 |  5.0
Necromancy     | 2 5 |  5.0
Spellcasting   | 1 3 4 6 7 8 11 12 13 | 13.0
Earth Magic    | 2 5 8 11 | 11.0
Transmutations | 2 6 8 10 | 10.3
Air Magic      | 9 13 16 17 20 23 26 | 26.0
Fire Magic     | 3 6 |  6.0

Action                   |  1- 3 |  4- 6 |  7- 9 | 10-12 | 13-15 | 16-18 | 19-21 | 22-24 | 25-27 || total
-------------------------+-------+-------+-------+-------+-------+-------+-------+-------+-------++-------
Melee: Falchion          |    62 |    55 |     3 |       |    46 |       |       |       |       ||   166
       Peck              |    10 |     6 |    43 |   146 |   376 |   144 |   161 |   192 |   246 ||  1324
       Kick              |    12 |    11 |    58 |   239 |   548 |   230 |   279 |   325 |   375 ||  2077
       Flail             |       |       |    20 |       |       |       |       |       |       ||    20
       Mace              |       |       |     7 |       |       |       |       |       |       ||     7
       Dire flail        |       |       |   242 |   916 |   507 |       |       |       |       ||  1665
       Long sword        |       |       |       |       |  1088 |   320 |    20 |       |       ||  1428
       Broad axe         |       |       |       |       |     3 |       |       |       |       ||     3
       Great sword       |       |       |       |       |    83 |   357 |       |       |       ||   440
       Staff             |       |       |       |       |       |     2 |       |       |       ||     2
       Triple sword      |       |       |       |       |       |       |   724 |   800 |  1082 ||  2606
       Headbutt          |       |       |       |       |       |       |    38 |   170 |   238 ||   446
 Fire: Blowgun           |       |       |       |    10 |     3 |       |       |       |       ||    13
Throw: Throwing net      |       |       |       |     1 |       |       |       |       |       ||     1
 Cast: Regeneration      |       |       |       |   101 |   251 |   158 |   129 |   169 |   189 ||   997
       Statue Form       |       |       |       |       |    14 |    76 |    61 |    79 |    77 ||   307
       Apportation       |       |       |       |       |       |       |       |     4 |     5 ||     9
       Lee's Rapid Decon |       |       |       |       |       |       |       |       |     4 ||     4
       Tornado           |       |       |       |       |       |       |       |       |     4 ||     4
Invok: Depart the Abyss  |     1 |       |       |       |       |     2 |       |     1 |       ||     4
       Banish            |       |       |       |     8 |    32 |       |    11 |       |       ||    51
       Bend Space        |       |       |       |       |     4 |       |     1 |     1 |     4 ||    10
       Corrupt           |       |       |       |       |     3 |       |     1 |     1 |     2 ||     7
       Enter the Abyss   |       |       |       |       |       |       |       |     3 |     3 ||     6
 Abil: Fly               |       |       |       |     2 |     4 |     2 |     3 |     1 |     2 ||    14
       End Transformatio |       |       |       |       |     2 |    33 |    12 |    30 |    12 ||    89
       Stop Flying       |       |       |       |       |       |     2 |     3 |     1 |     2 ||     8
Evoke: Wand              |     1 |    12 |    24 |    28 |    18 |     9 |    11 |     3 |     2 ||   108
       Lamp of fire      |       |       |       |       |       |       |     1 |       |       ||     1
  Use: Potion            |     1 |       |       |     4 |     4 |     7 |     6 |     7 |     4 ||    33
       Scroll            |       |     6 |     3 |     9 |    16 |    15 |    12 |    17 |    16 ||    94
 Stab: Sleeping          |     1 |       |       |     1 |       |       |       |     1 |     3 ||     6
       Paralysed         |       |       |       |     9 |       |       |       |       |       ||     9
       Invisible         |       |       |       |       |       |       |       |     2 |       ||     2
       Distracted        |       |       |       |       |       |       |       |       |     3 ||     3
  Eat: Chunk             |       |     4 |     8 |    35 |    83 |    60 |    56 |    28 |    51 ||   325
       Ration            |       |       |     1 |     2 |     2 |       |       |    11 |     4 ||    20
Armor: Leather armour    |    14 |     4 |       |       |       |       |       |       |       ||    18
       Ring mail         |       |    10 |    88 |   180 |       |       |       |       |       ||   278
       Troll leather arm |       |       |       |   180 |   380 |     8 |    12 |    14 |    14 ||   608
       Skin              |       |       |       |       |    49 |   423 |   698 |   517 |   548 ||  2235
       Robe              |       |       |       |       |       |       |       |       |     2 ||     2
Dodge: Dodged            |    39 |    23 |   181 |  1001 |  1594 |   796 |  1459 |  1094 |  1181 ||  7368
       Rpst.: Falchion   |     9 |     7 |     3 |       |     5 |       |       |       |       ||    24
       Long sword        |       |       |       |       |   194 |    76 |     2 |       |       ||   272
       Great sword       |       |       |       |       |    11 |    97 |       |       |       ||   108
       Triple sword      |       |       |       |       |       |       |   267 |   199 |   238 ||   704

Table legend:
 A = Spawn XP
 B = Non-spawn XP
 C = Spawn XP percentage of total XP
 D = Spawn monster count
 E = Non-spawn monster count
 F = Spawn count percentage of total count
 G = Total turns spent on level
                    A         B        C        D         E        F      G
               +---------+---------+-------+---------+---------+-------+---------
         Total |   49808 | 1292987 |   3.7 |      69 |    2366 |   2.8 | 44002
               +---------+---------+-------+---------+---------+-------+---------
           D:1 |       0 |      11 |   0.0 |       0 |       3 |   0.0 |   103
           D:2 |       0 |      58 |   0.0 |       0 |      23 |   0.0 |   806
           D:3 |       0 |     280 |   0.0 |       0 |      29 |   0.0 |   938
           D:4 |       0 |     771 |   0.0 |       0 |      17 |   0.0 |   707
           D:5 |       0 |     610 |   0.0 |       0 |      21 |   0.0 |  1131
           D:6 |       0 |    1224 |   0.0 |       0 |      32 |   0.0 |   759
           D:7 |       0 |    1638 |   0.0 |       0 |      38 |   0.0 |   782
           D:8 |       0 |    2543 |   0.0 |       0 |      27 |   0.0 |  1291
           D:9 |       0 |    2081 |   0.0 |       0 |      35 |   0.0 |  1177
          D:10 |       0 |    2559 |   0.0 |       0 |      28 |   0.0 |   622
          D:11 |       0 |    8216 |   0.0 |       0 |      49 |   0.0 |  1271
          D:12 |       0 |    7475 |   0.0 |       0 |      71 |   0.0 |  1346
          D:13 |       0 |    4876 |   0.0 |       0 |      50 |   0.0 |   918
          D:14 |       0 |    9612 |   0.0 |       0 |      52 |   0.0 |  1174
          D:15 |       0 |   23098 |   0.0 |       0 |      45 |   0.0 |   532
        Lair:1 |       0 |    4596 |   0.0 |       0 |      19 |   0.0 |   677
        Lair:2 |       0 |    3606 |   0.0 |       0 |      18 |   0.0 |   411
        Lair:3 |       0 |    4702 |   0.0 |       0 |      21 |   0.0 |   678
        Lair:4 |       0 |    3238 |   0.0 |       0 |      21 |   0.0 |   618
        Lair:5 |       0 |   16729 |   0.0 |       0 |      41 |   0.0 |   900
        Lair:6 |       0 |   17264 |   0.0 |       0 |      79 |   0.0 |   856
      Shoals:1 |       0 |   22411 |   0.0 |       0 |      44 |   0.0 |   896
      Shoals:2 |       0 |   34848 |   0.0 |       0 |      51 |   0.0 |   752
      Shoals:3 |       0 |   33309 |   0.0 |       0 |      49 |   0.0 |   898
      Shoals:4 |       0 |   39546 |   0.0 |       0 |      68 |   0.0 |   958
      Spider:1 |       0 |   26723 |   0.0 |       0 |      82 |   0.0 |   882
      Spider:2 |       0 |   20411 |   0.0 |       0 |      49 |   0.0 |   624
      Spider:3 |       0 |   19408 |   0.0 |       0 |      51 |   0.0 |   609
      Spider:4 |       0 |   68453 |   0.0 |       0 |     179 |   0.0 |   941
         Orc:1 |       0 |    4532 |   0.0 |       0 |      42 |   0.0 |   892
         Orc:2 |       0 |   11146 |   0.0 |       0 |      81 |   0.0 |  2368
         Elf:1 |       0 |   27909 |   0.0 |       0 |      40 |   0.0 |  1355
         Elf:2 |       0 |   47669 |   0.0 |       0 |      56 |   0.0 |  1172
         Elf:3 |       0 |   71742 |   0.0 |       0 |      64 |   0.0 |  1803
      Vaults:1 |       0 |   41895 |   0.0 |       0 |      88 |   0.0 |   899
      Vaults:2 |       0 |   27944 |   0.0 |       0 |      50 |   0.0 |   828
      Vaults:3 |       0 |   25696 |   0.0 |       0 |      28 |   0.0 |   888
      Vaults:4 |       0 |   73132 |   0.0 |       0 |     101 |   0.0 |  1220
      Vaults:5 |       0 |  193288 |   0.0 |       0 |     155 |   0.0 |  1143
      Depths:1 |       0 |   52066 |   0.0 |       0 |      57 |   0.0 |   668
      Depths:2 |       0 |   40073 |   0.0 |       0 |      44 |   0.0 |  1063
      Depths:3 |       0 |   28614 |   0.0 |       0 |      18 |   0.0 |   865
      Depths:4 |       0 |   57827 |   0.0 |       0 |      50 |   0.0 |   969
      Depths:5 |       0 |  107448 |   0.0 |       0 |      90 |   0.0 |  1106
         Zot:1 |       0 |   48995 |   0.0 |       0 |      34 |   0.0 |   563
         Zot:2 |       0 |   17375 |   0.0 |       0 |      14 |   0.0 |   145
       Abyss:1 |   32589 |   21529 |  60.2 |      43 |      36 |  54.4 |  1255
       Abyss:2 |    5422 |     228 |  96.0 |      10 |       2 |  83.3 |   227
       Abyss:3 |    8159 |   13583 |  37.5 |      12 |      24 |  33.3 |   220
       Abyss:4 |    3638 |       0 | 100.0 |       4 |       0 | 100.0 |    33
               +---------+---------+-------+---------+---------+-------+---------
